 Dungeon Crawl Stone Soup version 0.29.0-4-gdea44cf6ec (webtiles) character file.

Game seed: 4491760148694639104

64 qw the Sneak (level 4, -1/36 HPs)
             Began as a Ghoul Enchanter on Sept 7, 2022.
             Slain by Ijyb
             ... wielding a +2 club
              (5 damage)
             ... on level 3 of the Dungeon.
             The game lasted 00:00:54 (2650 turns).

qw the Sneak (Ghoul Enchanter)                      Turns: 2650, Time: 00:00:55

Health: -1/36      AC:  5    Str: 13    XL:     4   Next: 12%
Magic:  5/5        EV: 10    Int: 10    God:
Gold:   122        SH:  0    Dex:  9    Spells: 6/6 levels left

rFire   . . .      SeeInvis .   c - +0 hand axe
rCold   + . .      Faith    .   (no shield)
rNeg    + + +      Spirit   .   f - +0 ring mail
rPois   inf        Reflect  .   (no helmet)
rElec   .          Harm     .   (no cloak)
rCorr   .          Rampage  .   (no gloves)
Will    .....                   (no boots)
Stlth   +.........              (no amulet)
HPRegen 0.00/turn               (no ring)
MPRegen 0.09/turn               (no ring)

@: about to teleport, inhibited regen
A: claws 1, cold resistance 1, negative energy resistance 3, inhibited
regeneration, torment resistance 2, devour on kill
a: no special abilities


You were on level 3 of the Dungeon.
You visited 1 branch of the dungeon, and saw 3 of its levels.

You collected 122 gold pieces.


Innate Abilities, Weirdness & Mutations

You are immune to poison.
You have sharp fingernails.
Your flesh is cold resistant. (rC+)
You are immune to negative energy. (rN+++)
You do not regenerate when monsters are visible.
You are immune to unholy pain and torment.
You thrive by killing the living.


   Skills:
 - Level 2.0 Fighting
 - Level 0.8 Short Blades
 + Level 2.6 Axes
 - Level 1.7 Dodging
 - Level 3.2 Stealth
 - Level 1.7 Spellcasting
 - Level 2.4 Hexes


You had 6 spell levels left.
You didn't know any spells.
Your spell library contained the following spells:

 Spells                   Type           Power      Damage    Failure   Level
 Ensorcelled Hibernation  Hex/Ice        6%         N/A       54%         2
 Confusing Touch          Hex            5%         N/A       61%         3
 Tukima's Dance           Hex            5%         N/A       61%         3
 Dazzling Flash           Conj/Hex       6%         N/A       78%         3

Inventory:

Hand Weapons
 c - a +0 hand axe (weapon)
 d - a +1 mace of protection
Missiles
 a - a boomerang (quivered)
Armour
 f - a +0 ring mail (worn)
Scrolls
 b - a scroll of teleportation
Potions
 e - a potion of heal wounds {unknown}
 g - a potion of brilliance {unknown}
 i - a potion of curing
 j - a potion of magic {unknown}
 l - a potion of attraction {unknown}

Dungeon Overview and Level Annotations

Branches:
Dungeon (3/15)

Altars:

Annotations:
D:3 Ijyb


Message History

You barely miss Ijyb. Ijyb hits you with a +2 club.
You closely miss Ijyb. Ijyb hits you with a +2 club. x2
You hit Ijyb but do no damage. Ijyb closely misses you.
You closely miss Ijyb. Ijyb closely misses you.
You hit Ijyb.
Ijyb is lightly wounded.
Ijyb hits you with a +2 club.
You barely miss Ijyb.
Ijyb is lightly wounded.
Ijyb hits you with a +2 club.
You slash Ijyb!
Ijyb is moderately wounded.
Ijyb barely misses you.
You hit Ijyb but do no damage.
Ijyb is moderately wounded.
Ijyb hits you with a +2 club. x2
You hit Ijyb but do no damage.
Ijyb is moderately wounded.
Ijyb closely misses you.
You closely miss Ijyb.
Ijyb is moderately wounded.
Ijyb hits you with a +2 club.
You hit Ijyb but do no damage.
Ijyb is moderately wounded.
Ijyb hits you with a +2 club.
You hit Ijyb.
Ijyb is heavily wounded.
Ijyb hits you with a +2 club.
You hit Ijyb but do no damage.
Ijyb is heavily wounded.
Ijyb hits you with a +2 club.
Ijyb drinks a potion.
Ijyb is healed!
2650 ||| READING 2 scrolls of teleportation.
As you read the scroll of teleportation, it crumbles to dust.
You feel strangely unstable. Ijyb hits you with a +2 club.
You die...

...# #.# .# #..# #.# .#
#..# #.# .# #..# #.# .#
##. #..# #.##.##.##.###
#..# #.......##.#..
#######..###.......##.#.##
..............@g...##....
#######.#####.....###...#
#.# #.....# #...# #.#
##...## #<..####### #.#
...>.###.......... #.#
..........#######. #.#
.....###.########. #.#
##...## #.# #...... #.#
#.# #.####.


You could see Ijyb.

Vanquished Creatures
  2 adders (D:2)
  2 worms
  A dart slug (D:2)
  3 ball pythons
  3 bats (D:2)
  3 endoplasms
  4 giant cockroaches
  3 goblins
  4 hobgoblins
  2 jackals (D:2)
  2 kobolds
  A frilled lizard (D:3)
  6 rats
36 creatures vanquished.

Notes
Turn   | Place    | Note
-------+----------+-------------------------------------------
     0 | D:1      | qw the Ghoul Enchanter began the quest for the Orb.
     0 | D:1      | Reached XP level 1. HP: 14/14 MP: 2/2
     0 | D:1      | 0 ||| qw: Version: 0.1-a-108-g9e35731
     0 | D:1      | 0 ||| qw: Game counter: 6508
     0 | D:1      | 0 ||| qw: Always use a shield: true
     0 | D:1      | 0 ||| qw: God list: Okawaru
     0 | D:1      | 0 ||| qw: Allow faded altars: false
     0 | D:1      | 0 ||| qw: Do Orc after D:15 true
     0 | D:1      | 0 ||| qw: Do second Lair branch before Depths: true
     0 | D:1      | 0 ||| qw: Lair rune preference: random
     0 | D:1      | 0 ||| qw: Plans: Normal
     0 | D:1      | 0 ||| PLANNING D:1-11
   407 | D:1      | 407 ||| Stepping ~*~*~tactically~*~*~ (stealth).
   414 | D:1      | 414 ||| Stepping ~*~*~tactically~*~*~ (outnumbered).
   416 | D:1      | 416 ||| Stepping ~*~*~tactically~*~*~ (outnumbered).
   417 | D:1      | 417 ||| Stepping ~*~*~tactically~*~*~ (outnumbered).
   418 | D:1      | 418 ||| Stepping ~*~*~tactically~*~*~ (outnumbered).
   419 | D:1      | 419 ||| Stepping ~*~*~tactically~*~*~ (outnumbered).
   420 | D:1      | 420 ||| Stepping ~*~*~tactically~*~*~ (outnumbered).
   421 | D:1      | 421 ||| Stepping ~*~*~tactically~*~*~ (outnumbered).
   424 | D:1      | Reached skill level 1 in Axes
   561 | D:1      | 561 ||| SWAPPING to +0 whip.
   562 | D:1      | 562 ||| DROPPING +1 dagger.
   759 | D:1      | Reached XP level 2. HP: 21/22 MP: 3/3
   813 | D:1      | Reached skill level 1 in Fighting
  1065 | D:1      | 1065 ||| UPGRADING to +0 leather armour.
  1075 | D:1      | 1075 ||| DROPPING +0 robe.
  1076 | D:1      | 1076 ||| READING 3 scrolls labelled GIRREGG ALYXEO.
  1077 | D:1      | 1077 ||| DROPPING 2 potions of invisibility.
  1078 | D:1      | 1078 ||| DROPPING 2 scrolls of immolation.
  1163 | D:2      | 1163 ||| SWAPPING to +0 trident.
  1164 | D:2      | 1164 ||| DROPPING +0 whip.
  1201 | D:2      | 1201 ||| Stepping ~*~*~tactically~*~*~ (stealth).
  1227 | D:2      | Reached XP level 3. HP: 16/28 MP: 4/4
  1445 | D:2      | 1445 ||| Stepping ~*~*~tactically~*~*~ (stealth).
  1978 | D:2      | 1978 ||| Stepping ~*~*~tactically~*~*~ (reaching).
  1979 | D:2      | 1979 ||| Stepping ~*~*~tactically~*~*~ (reaching).
  1981 | D:2      | 1981 ||| Stepping ~*~*~tactically~*~*~ (reaching).
  1982 | D:2      | 1982 ||| Stepping ~*~*~tactically~*~*~ (reaching).
  1984 | D:2      | 1984 ||| Stepping ~*~*~tactically~*~*~ (reaching).
  1986 | D:2      | 1986 ||| Stepping ~*~*~tactically~*~*~ (reaching).
  1987 | D:2      | 1987 ||| Stepping ~*~*~tactically~*~*~ (reaching).
  1989 | D:2      | 1989 ||| Stepping ~*~*~tactically~*~*~ (reaching).
  1990 | D:2      | 1990 ||| Stepping ~*~*~tactically~*~*~ (reaching).
  2223 | D:2      | 2223 ||| UPGRADING to +0 ring mail.
  2233 | D:2      | 2233 ||| DROPPING +0 leather armour.
  2234 | D:2      | 2234 ||| READING 2 scrolls labelled ZIFRAP FUI.
  2237 | D:2      | 2237 ||| READING scroll labelled PAGOQUBASIA.
  2238 | D:2      | 2238 ||| READING scroll labelled FILAIRU UDDU.
  2239 | D:2      | 2239 ||| READING scroll labelled XIHOMAGE AGUAR.
  2276 | D:3      | 2276 ||| STAIRDANCE
  2397 | D:3      | 2397 ||| SWAPPING to +0 hand axe.
  2398 | D:3      | 2398 ||| DROPPING +0 vorpal trident.
  2439 | D:3      | Found a faded altar of an unknown god.
  2462 | D:3      | Reached XP level 4. HP: 36/36 MP: 5/5
  2479 | D:3      | 2479 ||| Stepping ~*~*~tactically~*~*~ (stealth).
  2633 | D:3      | Noticed Ijyb
  2649 | D:3      | HP: 4/36 [Ijyb/+2 club (6)]
  2650 | D:3      | 2650 ||| READING 2 scrolls of teleportation.
  2650 | D:3      | Slain by Ijyb

Levels and vault maps discovered:
D:1:      ncdulo_watergridlock, layout_basic
D:2:      layout_basic, serial_rivers, chequers_serial_rivers_marsh,
          chequers_serial_rivers_micro_b, chequers_serial_rivers_small_3,
          chequers_serial_rivers_large_b
D:3:      layout_loops_ring, hellmonk_ecumenical_altar_pennies_from_heaven,
          uniq_ijyb

Skill      XL: |  1  2  3 |
---------------+----------+-----
Axes           | 1 2 |  2.6
Fighting       | 1 2 |  2.0
Short Blades   | |  0.8
Dodging        | |  1.7
Stealth        | |  3.2
Spellcasting   | |  1.7
Hexes          | |  2.4

Action                   |  1- 3 |  4- 6 || total
-------------------------+-------+-------++-------
Melee: Dagger            |    28 |       ||    28
       Whip              |    12 |       ||    12
       Trident           |    51 |       ||    51
       Hand axe          |     4 |    22 ||    26
Throw: Boomerang         |    51 |    10 ||    61
  Use: Scroll            |     5 |     1 ||     6
 Stab: Sleeping          |     1 |       ||     1
Armor: Robe              |     6 |       ||     6
       Leather armour    |     8 |       ||     8
       Ring mail         |     8 |     1 ||     9
Dodge: Dodged            |    51 |     7 ||    58

Table legend:
 A = Non-vault XP
 B = Vault XP
 C = Vault XP percentage of total XP
 D = Non-vault monster count
 E = Vault monster count
 F = Vault count percentage of total count
                 A         B        C        D         E       F
            +---------+---------+-------+---------+---------+-------
      Total |      92 |       0 |   0.0 |      36 |       0 |   0.0
            +---------+---------+-------+---------+---------+-------
        D:1 |      15 |       0 |   0.0 |       9 |       0 |   0.0
        D:2 |      58 |       0 |   0.0 |      18 |       0 |   0.0
        D:3 |      19 |       0 |   0.0 |       9 |       0 |   0.0
            +---------+---------+-------+---------+---------+-------
